[Event "Titled Tuesday Blitz June 27 Late 2023"]
[White "Schuster, Karsten"]
[Black "Nefedov, Sergey"]
[WhiteFideId "4611071"]
[BlackFideId "24113417"]
[WhiteElo "2366"]
[BlackElo "2559"]
[Result "0-1"]
[Round "6"]
[TimeControl "180+2"]
[Date "2023.06.27"]
[WhiteClock "0:00:26"]
[BlackClock "0:00:33"]
[Board "87"]

1. Nf3 d5 2. d4 g6 3. Bf4 Bg7 4. c3 Nc6 5. h4 Bg4 6. h5 Bxh5 7. Rxh5 gxh5 8. e3 Nf6 9. Bb5 Ne4 10. Ne5 Bxe5 11. Bxe5 Rg8 12. f3 Nd6 13. Bxc6+ bxc6 14. Kf2 Rb8 15. b3 Qd7 16. Qh1 Qf5 17. Nd2 f6 18. Bxd6 cxd6 19. Rc1 e5 20. e4 Qg5 21. Rd1 h4 22. Qh3 Qg3+ 23. Qxg3 hxg3+ 24. Ke3 Kf7 25. Rh1 Rg7 26. c4 Ke6 27. exd5+ cxd5 28. Rh6 dxc4 29. Nxc4 Rc8 30. Kd3 Rgc7 31. dxe5 dxe5 32. Rh3 Rg7 33. Rh6 Rd8+ 34. Ke3 Rd1 35. f4 Re1+ 36. Kd2 Rg1 37. fxe5 Rxg2+ 38. Ke3 Rf2 39. exf6 Rxf6 40. Rh1 g2 41. Rg1 Rf1 0-1


[Site "https://www.chess.com"]

[Event "Titled Tuesday Blitz June 27 Late 2023"]
[White "MAHanif"]
[Black "Ladron De Guevara Pinto, Paolo"]
[BlackFideId "2290847"]
[WhiteElo "2335"]
[BlackElo "2550"]
[Result "0-1"]
[Round "6"]
[TimeControl "180+2"]
[Date "2023.06.27"]
[WhiteClock "0:00:00"]
[BlackClock "0:00:07"]
[Board "88"]

1. Nf3 b5 2. g3 Bb7 3. Bg2 Nf6 4. a4 a6 5. axb5 axb5 6. Rxa8 Bxa8 7. O-O c5 8. d4 e6 9. Qd3 Qb6 10. dxc5 Bxc5 11. Nbd2 Nc6 12. Nb3 Be7 13. Be3 Qb8 14. Bf4 d6 15. Rd1 Nd5 16. Bg5 Ne5 17. Nxe5 Bxg5 18. Nf3 Be7 19. Nfd4 b4 20. Qb5+ Qxb5 21. Nxb5 Kd7 22. Ra1 Kc6 23. N5d4+ Kb6 24. e3 Bb7 25. Nd2 Ra8 26. Nc4+ Kc7 27. Nb5+ Kc6 28. Nd4+ Kc5 29. Rxa8 Bxa8 30. Bf1 Bf6 31. Nb3+ Kc6 32. Nba5+ Kc7 33. Nb3 Nb6 34. Nxb6 Kxb6 35. Nd4 Kc5 36. c3 bxc3 37. bxc3 Bd5 38. Bd3 Bc4 39. Bxh7 g6 40. Bg8 e5 41. Nf3 Bd5 42. Nd2 Be7 43. e4 Be6 44. h4 Bd8 45. Kf1 Ba5 46. Nb1 Kc4 47. Ke2 Bxc3 48. Nxc3 Kxc3 49. Ke3 Kc4 50. f4 Kc5 51. f5 gxf5 52. exf5 Bxf5 53. Bxf7 d5 54. h5 Kd6 55. Bg6 Bxg6 56. hxg6 Ke6 57. g4 Kf6 58. Kf3 Kxg6 0-1


[Site "https://www.chess.com"]

[Event "Titled Tuesday Blitz June 27 Late 2023"]
[White "Delorme, Axel"]
[Black "Taranenko, Evgueniy"]
[WhiteFideId "632023"]
[BlackFideId "14122138"]
[WhiteElo "2538"]
[BlackElo "2308"]
[Result "1-0"]
[Round "6"]
[TimeControl "180+2"]
[Date "2023.06.27"]
[WhiteClock "0:00:06"]
[BlackClock "0:00:11"]
[Board "89"]

1. e4 e6 2. d4 d5 3. Nc3 Nf6 4. e5 Nfd7 5. f4 c5 6. Nf3 Nc6 7. Be3 Qb6 8. Na4 Qa5+ 9. c3 b6 10. Bd2 c4 11. b4 Nxb4 12. cxb4 Bxb4 13. Kf2 O-O 14. a3 Bxd2 15. Nxd2 b5 16. Nb2 c3 17. Nb3 Qb6 18. Nd3 f6 19. Kg1 fxe5 20. fxe5 a5 21. Nbc5 Ra7 22. Be2 b4 23. axb4 axb4 24. Rxa7 Qxa7 25. Nxe6 Nxe5 26. Nxf8 Qxd4+ 27. Nf2 Qxd1+ 28. Bxd1 Kxf8 29. Kf1 Bf5 30. Ke2 c2 31. Kd2 cxd1=Q+ 32. Rxd1 Nc4+ 33. Kc1 b3 34. Nd3 Be4 35. g3 Ke7 36. Nb2 Ke6 37. Nxc4 dxc4 38. Kb2 Bd3 39. Kc3 Kd5 40. Re1 g6 41. h4 h5 42. Re7 Kd6 43. Re3 Kc5 44. Re5+ Kd6 45. Rg5 Ke6 46. g4 hxg4 47. Rxg4 Kf5 48. Rd4 Ke5 49. Rg4 Kf5 50. Rd4 Be2 51. Kb2 Ke5 52. Kc3 Ke6 53. Re4+ 1-0


[Site "https://www.chess.com"]

[Event "Titled Tuesday Blitz June 27 Late 2023"]
[White "StarkyNZ"]
[Black "Estrada Nieto, Julian"]
[BlackFideId "5101018"]
[WhiteElo "2275"]
[BlackElo "2533"]
[Result "1/2-1/2"]
[Round "6"]
[TimeControl "180+2"]
[Date "2023.06.27"]
[WhiteClock "0:00:20"]
[BlackClock "0:00:07"]
[Board "90"]

1. c4 e5 2. Nf3 Nc6 3. Nc3 Nf6 4. g3 d5 5. cxd5 Nxd5 6. Bg2 Nb6 7. O-O Be7 8. a3 O-O 9. b4 Be6 10. Bb2 f6 11. Rc1 Qd7 12. d3 a5 13. b5 Nd4 14. Nxd4 exd4 15. Ne4 Rfc8 16. Nc5 Bxc5 17. Rxc5 Bd5 18. Bxd5+ Nxd5 19. Bxd4 b6 20. Rc6 a4 21. Qc1 Kh8 22. Qc4 Ne7 23. Re6 Nf5 24. Bb2 Nd6 25. Qd5 Qxb5 26. Rxd6 Qxb2 27. Rd7 Qe5 28. Qf7 f5 29. d4 Qf6 30. Rxc7 Qxf7 31. Rxf7 Rc3 32. Ra1 g6 33. Rb7 Rb3 34. d5 Rd8 35. Rc1 Rxa3 36. Rcc7 Ra1+ 37. Kg2 Rd1 38. Rxh7+ Kg8 39. Rhg7+ Kh8 40. Rxg6 R1xd5 41. Rh6+ Kg8 42. Rg6+ Kh8 43. Rgxb6 Ra5 44. Rb5 Rda8 45. Rxa5 Rxa5 46. Rb2 a3 47. Ra2 Kg7 48. Kf3 Kf6 49. e3 Ke5 50. h4 Kd5 51. Kf4 Kc4 52. f3 Kb3 53. Ra1 a2 54. g4 fxg4 55. fxg4 Kb2 56. Rh1 Rc5 57. Rh2+ Rc2 58. Rh1 Rc1 59. Rh2+ Rc2 60. Rh1 Rc1 61. Rh2+ Rc2 1/2-1/2


[Site "https://www.chess.com"]

[Event "Titled Tuesday Blitz June 27 Late 2023"]
[White "Gasparyan, David"]
[Black "Prestia, Paris"]
[WhiteFideId "13311980"]
[BlackFideId "30925959"]
[WhiteElo "2421"]
[BlackElo "2658"]
[Result "0-1"]
[Round "6"]
[TimeControl "180+2"]
[Date "2023.06.27"]
[WhiteClock "0:02:35"]
[BlackClock "0:02:43"]
[Board "91"]

1. d4 Nf6 2. c4 e6 3. Nf3 c5 4. Bf4 cxd4 5. Nxd4 e5 6. Bxe5 Qa5+ 7. Nc3 Qxe5 8. e3 Nc6 9. Ndb5 a6 10. Na3 Bxa3 11. Qc2 Bb4 12. Be2 Ne4 13. O-O Nxc3 14. bxc3 Qxc3 15. Rad1 Qxc2 0-1


[Site "https://www.chess.com"]

[Event "Titled Tuesday Blitz June 27 Late 2023"]
[White "Weishaeutel, Moritz"]
[Black "Hoffmann, Asa"]
[WhiteFideId "12967300"]
[BlackFideId "2001470"]
[WhiteElo "2629"]
[BlackElo "2420"]
[Result "0-1"]
[Round "6"]
[TimeControl "180+2"]
[Date "2023.06.27"]
[WhiteClock "0:00:00"]
[BlackClock "0:00:21"]
[Board "92"]

1. e4 d6 2. f4 Nf6 3. Nc3 c6 4. Nf3 d5 5. d3 dxe4 6. dxe4 Qxd1+ 7. Kxd1 Bg4 8. e5 Bxf3+ 9. gxf3 Nd5 10. Ne4 e6 11. c4 Nb6 12. Be3 N8d7 13. Kc2 Be7 14. Rd1 O-O-O 15. b3 g6 16. a4 Kb8 17. Be2 Nc8 18. Rd2 b6 19. Rhd1 Kc7 20. a5 Bc5 21. axb6+ axb6 22. Bxc5 Nxc5 23. Ng5 Rxd2+ 24. Rxd2 h6 25. Nxf7 Rf8 26. Nxh6 Rxf4 27. Ng4 Ne7 28. Nf6 Nf5 29. b4 Na6 30. Kc3 Nb8 31. Ne8+ Kc8 32. Nd6+ Nxd6 33. Rxd6 Rh4 34. Rxe6 Rxh2 35. Bd3 Rf2 36. Be4 g5 37. Rg6 Nd7 38. Rxc6+ Kd8 39. Rg6 Nxe5 40. Rxg5 Nd7 41. Rg8+ Ke7 42. Rg7+ Kd6 43. Rg6+ Kc7 44. Rc6+ Kd8 45. c5 bxc5 46. bxc5 Ne5 47. Rd6+ Kc7 48. Rf6 Nd7 49. Rf7 Kd8 50. c6 Nb6 51. c7+ Ke8 52. Rf6 Nc8 53. Rh6 Rf1 54. Kd2 Ra1 55. Rh8+ Kd7 56. Bf5+ Kxc7 57. Rxc8+ Kd6 58. Rc2 Ra3 59. Be4 Ke5 60. Rc3 Ra2+ 61. Ke3 Ra5 62. Rd3 Rb5 63. f4+ Kf6 64. Rd6+ Ke7 65. Rd5 Rb4 66. Rd4 Rb3+ 67. Bd3 Rb2 68. Ke4 Ra2 69. Ke5 Ra5+ 70. Rd5 Ra3 71. f5 Ra7 72. f6+ Kf7 73. Kf5 Rc7 74. Re5 Rd7 75. Bc4+ Kf8 76. f7 Rd8 77. Re4 Rc8 78. Rg4 Ke7 0-1


[Site "https://www.chess.com"]

[Event "Titled Tuesday Blitz June 27 Late 2023"]
[White "reevecanada"]
[Black "Nunez V, Gustavo Eduardo"]
[BlackFideId "4403690"]
[WhiteElo "2623"]
[BlackElo "2418"]
[Result "0-1"]
[Round "6"]
[TimeControl "180+2"]
[Date "2023.06.27"]
[WhiteClock "0:00:21"]
[BlackClock "0:00:26"]
[Board "93"]

1. e4 c5 2. Nf3 Nc6 3. Bb5 g6 4. h4 h6 5. d3 Bg7 6. c3 e6 7. Na3 Nge7 8. Ba4 O-O 9. h5 g5 10. Nxg5 hxg5 11. h6 Bf6 12. Qf3 Ng6 13. h7+ Kh8 14. Be3 Nce5 15. Qe2 d5 16. O-O-O d4 17. Bd2 Bd7 18. Bc2 b5 19. f3 a5 20. g3 dxc3 21. bxc3 b4 22. Nb1 a4 23. f4 b3 24. axb3 axb3 25. Bxb3 Nc6 26. f5 exf5 27. exf5 Bxf5 28. Be3 Qb6 29. Bc2 Ra2 30. Kd2 Qb3 31. Rc1 Nce5 32. Qf1 Qe6 33. Bxc5 Rd8 34. Bd4 Bxd3 35. Qf2 Bxc2 36. Rxc2 Nc4+ 37. Kc1 Rxc2+ 38. Kxc2 Bxd4 39. cxd4 Ne3+ 40. Kd3 Ng4 41. Qb2 Qf5+ 42. Kd2 Qf2+ 43. Kc1 Qxb2+ 44. Kxb2 Rxd4 45. Kc3 Re4 46. Nd2 Re3+ 47. Kc4 Rxg3 48. Ne4 N4e5+ 49. Kc5 Rg4 50. Nf6 Rf4 51. Nd5 Rh4 52. Rg1 g4 53. Nf6 Kg7 54. Ne4 Rxh7 55. Kd6 Rh5 56. Ng3 Rh3 57. Nf5+ Kf6 58. Nd4 Rd3 59. Kc5 Rxd4 60. Rf1+ Rf4 61. Re1 Nd3+ 62. Kd5 Nxe1 63. Kc5 Re4 64. Kd5 Kf5 65. Kc5 g3 66. Kd5 Nf3 67. Kc5 g2 68. Kd5 g1=Q 69. Kd6 Qd1+ 70. Kc7 Rc4+ 71. Kb7 Qb3+ 72. Ka7 Ra4# 0-1


[Site "https://www.chess.com"]

[Event "Titled Tuesday Blitz June 27 Late 2023"]
[White "KorolDimitriy75"]
[Black "Adewumi, Tanitoluwa"]
[BlackFideId "30966396"]
[WhiteElo "2415"]
[BlackElo "2612"]
[Result "1-0"]
[Round "6"]
[TimeControl "180+2"]
[Date "2023.06.27"]
[WhiteClock "0:00:19"]
[BlackClock "0:00:09"]
[Board "94"]

1. d4 Nf6 2. c4 e6 3. Nc3 Bb4 4. Qc2 O-O 5. e4 d5 6. cxd5 exd5 7. e5 Ne4 8. Bd3 c5 9. Ne2 cxd4 10. Nxd4 Nd7 11. f4 Ndc5 12. O-O Bf5 13. Nxf5 Qb6 14. Be3 Bxc3 15. bxc3 Qe6 16. Bxc5 Nxc5 17. Nd4 Qb6 18. Bxh7+ Kh8 19. Bd3 Rac8 20. Rf3 g6 21. f5 Nd7 22. Re1 Rfe8 23. e6 Nf6 24. fxg6 Rxe6 25. Rxe6 fxe6 26. Rxf6 Re8 27. Qf2 Kg7 28. Rf7+ Kg8 29. Qf6 Qxd4+ 30. cxd4 1-0


[Site "https://www.chess.com"]

[Event "Titled Tuesday Blitz June 27 Late 2023"]
[White "MKlose11"]
[Black "Vega Gutierrez, Sabrina"]
[BlackFideId "2219026"]
[WhiteElo "2588"]
[BlackElo "2407"]
[Result "1-0"]
[Round "6"]
[TimeControl "180+2"]
[Date "2023.06.27"]
[WhiteClock "0:00:10"]
[BlackClock "0:00:00"]
[Board "95"]

1. e4 c5 2. Nc3 Nc6 3. d3 g6 4. Be3 d6 5. Qd2 Bg7 6. g3 Nf6 7. h3 h5 8. Bg2 Rb8 9. Nge2 b5 10. O-O b4 11. Nd1 O-O 12. f4 a5 13. e5 dxe5 14. Bxc6 Bxh3 15. Bg2 Bxg2 16. Kxg2 Ng4 17. f5 Qd7 18. Nf2 Nxe3+ 19. Qxe3 Qxf5 20. Ne4 Qd7 21. Rad1 Rbc8 22. b3 Qc6 23. Kh2 Rc7 24. Nd2 a4 25. Nc4 f6 26. Qe4 Qxe4 27. dxe4 axb3 28. axb3 Ra8 29. Ra1 Rca7 30. Rxa7 Rxa7 31. Ng1 Ra2 32. Rf2 Bh6 33. Nf3 Kg7 34. Re2 Bc1 35. Ne1 g5 36. Nd3 Ba3 37. Nxc5 Kf7 38. Nd3 Ke8 39. Kg2 Kf7 40. Kf3 Kg6 41. Ke3 g4 42. Rh2 Kg5 43. Kd2 Ra1 44. Ne3 Rg1 45. Rg2 Rh1 46. Nf5 e6 47. Ng7 f5 48. Nxe6+ Kf6 49. Nec5 h4 50. gxh4 Rxh4 51. exf5 Kxf5 52. Rf2+ Kg5 53. Ne4+ Kg6 54. Nxe5+ 1-0


[Site "https://www.chess.com"]

[Event "Titled Tuesday Blitz June 27 Late 2023"]
[White "lagarto93"]
[Black "Szyszylo, Rafal"]
[BlackFideId "1109626"]
[WhiteElo "2586"]
[BlackElo "2404"]
[Result "1-0"]
[Round "6"]
[TimeControl "180+2"]
[Date "2023.06.27"]
[WhiteClock "0:01:57"]
[BlackClock "0:00:21"]
[Board "96"]

1. e4 d6 2. d4 g6 3. Nc3 Nf6 4. Be3 c6 5. f3 b5 6. Qd2 Nbd7 7. a4 b4 8. Nd1 a5 9. c3 c5 10. h4 h5 11. Nh3 Bg7 12. Ng5 O-O 13. Nf2 bxc3 14. bxc3 cxd4 15. cxd4 Qb6 16. Bd3 Ba6 17. Rb1 Qc7 18. O-O Bxd3 19. Nxd3 Rfb8 20. Rxb8+ Qxb8 21. Rc1 Qb3 22. Qc2 Qa3 23. Rb1 e6 24. Bc1 Rc8 25. Qxc8+ Nf8 26. Bxa3 1-0


[Site "https://www.chess.com"]

[Event "Titled Tuesday Blitz June 27 Late 2023"]
[White "Lowinger, Daniel"]
[Black "Palencia Morales, Wilson Guillermo"]
[WhiteFideId "2005557"]
[BlackFideId "4401859"]
[WhiteElo "2393"]
[BlackElo "2556"]
[Result "0-1"]
[Round "6"]
[TimeControl "180+2"]
[Date "2023.06.27"]
[WhiteClock "0:00:00"]
[BlackClock "0:01:24"]
[Board "97"]

1. e4 c5 2. Nf3 d6 3. d4 cxd4 4. Nxd4 Nf6 5. Nc3 g6 6. Be3 Bg7 7. f3 O-O 8. Qd2 Nc6 9. O-O-O Nxd4 10. Bxd4 Be6 11. h4 Qa5 12. a3 Rfc8 13. Qg5 b5 14. h5 h6 15. Qxb5 Qxb5 16. Bxb5 Nxh5 17. Bxg7 Kxg7 18. Ba6 Rc5 19. Rd4 Nf4 20. Ra4 Nxg2 21. Bb7 Rb8 22. Bd5 a5 23. Rd1 Nf4 24. Bxe6 fxe6 25. Rd2 e5 26. Nd1 h5 27. Ne3 h4 28. Rh2 h3 29. Nc4 Rh8 30. b3 Ne6 0-1


[Site "https://www.chess.com"]

[Event "Titled Tuesday Blitz June 27 Late 2023"]
[White "Romero Ruscalleda, Josep"]
[Black "David, Bogdan-Emanuel"]
[WhiteFideId "2231859"]
[BlackFideId "1229907"]
[WhiteElo "2390"]
[BlackElo "2548"]
[Result "0-1"]
[Round "6"]
[TimeControl "180+2"]
[Date "2023.06.27"]
[WhiteClock "0:00:02"]
[BlackClock "0:00:11"]
[Board "98"]

1. e4 c5 2. c3 d5 3. exd5 Qxd5 4. Nf3 Nc6 5. Na3 a6 6. Bc4 Qe4+ 7. Qe2 Qxe2+ 8. Kxe2 Nf6 9. Re1 b5 10. Bb3 Bb7 11. Kf1 e6 12. Bc2 Bd6 13. Nb1 O-O-O 14. a4 Kc7 15. axb5 axb5 16. Na3 Kb6 17. Bd3 c4 18. Be2 Bc5 19. b4 Be7 20. Nc2 Rd5 21. Ncd4 Nxd4 22. Nxd4 e5 23. Nf5 Bd8 24. d3 cxd3 25. Be3+ Kc7 26. Bf3 e4 27. Bf4+ Kd7 28. Ra7 exf3 29. Rxb7+ Kc6 30. Rxf7 fxg2+ 31. Kxg2 Rxf5 32. Re6+ Kd5 33. Rd6+ Kc4 34. Be3 Kxc3 35. Rc6+ Kxb4 36. Ra7 Rd5 37. Bd2+ Kb3 38. Rc3+ Kb2 39. Raa3 Be7 40. Rab3+ Ka2 41. Bc1 d2 42. Rb2+ Ka1 43. Bxd2 Kxb2 0-1


[Site "https://www.chess.com"]

[Event "Titled Tuesday Blitz June 27 Late 2023"]
[White "Perske, Thore"]
[Black "Prydun, Andriy"]
[WhiteFideId "12902195"]
[BlackFideId "14145898"]
[WhiteElo "2526"]
[BlackElo "2389"]
[Result "0-1"]
[Round "6"]
[TimeControl "180+2"]
[Date "2023.06.27"]
[WhiteClock "0:00:21"]
[BlackClock "0:00:04"]
[Board "99"]

1. e4 c5 2. Nf3 d6 3. g3 Nd7 4. Bg2 Ne5 5. Nxe5 dxe5 6. O-O h5 7. h4 g5 8. hxg5 h4 9. d3 hxg3 10. fxg3 Be6 11. Be3 Rc8 12. Nc3 Rc6 13. Nd5 Bxd5 14. exd5 Rg6 15. Be4 Rg7 16. c4 Qd7 17. Bf5 e6 18. dxe6 fxe6 19. Be4 Be7 20. Qf3 Qd6 21. g6 Nf6 22. Kg2 Rhg8 23. Bh6 Rxg6 24. Bxg6+ Rxg6 25. Be3 Qxd3 26. Rad1 Qxc4 27. Rf2 e4 28. Qe2 Qxe2 29. Rxe2 Nd5 30. Bf2 Nf4+ 31. Kf1 Nxe2 32. Kxe2 Bf6 33. b3 b6 34. Rd6 Be5 35. Rc6 Kd7 0-1


[Site "https://www.chess.com"]

[Event "Titled Tuesday Blitz June 27 Late 2023"]
[White "Yolosz"]
[Black "Peycheva, Gergana"]
[BlackFideId "2916711"]
[WhiteElo "2384"]
[BlackElo "2522"]
[Result "1/2-1/2"]
[Round "6"]
[TimeControl "180+2"]
[Date "2023.06.27"]
[WhiteClock "0:00:04"]
[BlackClock "0:00:03"]
[Board "100"]

1. d4 Nf6 2. Bf4 e6 3. e3 d5 4. Nd2 Bd6 5. Bg3 c5 6. c3 Qc7 7. Ngf3 b6 8. Ne5 O-O 9. f4 Bb7 10. Bd3 Nbd7 11. Qf3 Rad8 12. Bh4 Be7 13. O-O a6 14. Qh3 Nxe5 15. fxe5 Ne4 16. Rf4 f5 17. exf6 Bxf6 18. Bxe4 dxe4 19. Qxe6+ Qf7 20. Qxf7+ Rxf7 21. Raf1 cxd4 22. cxd4 Rdf8 23. Bxf6 Rxf6 24. Rxf6 gxf6 25. Rf5 Kg7 26. Nc4 b5 27. Nd6 Bc8 28. Rc5 Be6 29. a4 bxa4 30. Nxe4 Rb8 31. Rc7+ Kg6 32. Nc5 Bg8 33. Nxa4 Rb4 34. Nc5 a5 35. Ra7 Rxb2 36. Rxa5 Rb1+ 37. Kf2 Rb2+ 38. Kg3 Bd5 39. e4 Bc4 40. e5 Bf1 41. e6 Rxg2+ 42. Kf4 Rf2+ 43. Ke4 Re2+ 44. Kd5 Bh3 45. Kd6 f5 46. e7 f4 47. Ra6 Kf7 48. Ra7 Ke8 49. Nd3 Re6+ 50. Kd5 Rxe7 51. Ra8+ Kf7 52. Ne5+ Kg7 53. Ke4 f3 54. Kxf3 Be6 55. Kf4 Bd5 56. Kg5 h5 57. Kxh5 Rb7 58. Kg5 Rb2 59. h4 Rg2+ 60. Kf4 Rf2+ 61. Ke3 Rh2 62. Ra7+ Kf6 63. Nd3 Rh3+ 64. Kd2 Rxh4 65. Kc3 Rh3 66. Ra6+ Kf5 67. Ra5 Ke4 68. Kc2 Rxd3 69. Rxd5 Rxd4 70. Rxd4+ Kxd4 1/2-1/2


[Site "https://www.chess.com"]

[Event "Titled Tuesday Blitz June 27 Late 2023"]
[White "Bilan, Danila"]
[Black "BenchGM"]
[WhiteFideId "24161918"]
[WhiteElo "2511"]
[BlackElo "2376"]
[Result "0-1"]
[Round "6"]
[TimeControl "180+2"]
[Date "2023.06.27"]
[WhiteClock "0:00:02"]
[BlackClock "0:00:59"]
[Board "101"]

1. d4 Nf6 2. Nf3 d5 3. c4 e6 4. Nc3 dxc4 5. e3 a6 6. Bxc4 b5 7. Be2 Bb7 8. O-O Nbd7 9. a3 c5 10. dxc5 Bxc5 11. b4 Be7 12. Bb2 Rc8 13. Qb3 O-O 14. a4 bxa4 15. Nxa4 Nd5 16. b5 axb5 17. Bxb5 Nc5 18. Nxc5 Bxc5 19. Ne5 Rc7 20. e4 Nf6 21. Rfd1 Qc8 22. Nd3 Bxe4 23. Nxc5 Rxc5 24. Bxf6 gxf6 25. Bd3 Qc6 26. Bxe4 Qxe4 27. Re1 Qc6 28. Qg3+ Rg5 29. Qf4 Qxg2# 0-1


[Site "https://www.chess.com"]

[Event "Titled Tuesday Blitz June 27 Late 2023"]
[White "Cooklev, Steven"]
[Black "Graif, William"]
[WhiteFideId "2050552"]
[BlackFideId "2609835"]
[WhiteElo "2376"]
[BlackElo "2508"]
[Result "1-0"]
[Round "6"]
[TimeControl "180+2"]
[Date "2023.06.27"]
[WhiteClock "0:00:04"]
[BlackClock "0:00:00"]
[Board "102"]

1. e4 e5 2. Bc4 Bc5 3. Nc3 d6 4. d3 a6 5. f4 Nc6 6. Nf3 Bg4 7. Nd5 Nd4 8. h4 Nf6 9. c3 Nc6 10. b4 Ba7 11. f5 Nxd5 12. Bxd5 h5 13. Qb3 Qd7 14. Ng5 Nd8 15. a4 c6 16. Bc4 b5 17. axb5 axb5 18. Bxf7+ Nxf7 19. Ne6 Bf2+ 20. Kxf2 Rxa1 21. Nxg7+ Ke7 22. Bg5+ Nxg5 23. Rxa1 Nh7 24. Ra6 d5 25. Qa2 Rc8 26. Ne6 Kf6 27. Ra7 Qd6 28. Rxh7 dxe4 29. Rh6+ Ke7 30. dxe4 Rc7 31. Rh7+ Kf6 32. Rxc7 Qd1 33. Rh7 Qd3 34. Rh6+ 1-0


[Site "https://www.chess.com"]

[Event "Titled Tuesday Blitz June 27 Late 2023"]
[White "Inepton_Fermion"]
[Black "Jovic, Stanoje"]
[BlackFideId "905020"]
[WhiteElo "2370"]
[BlackElo "2507"]
[Result "0-1"]
[Round "6"]
[TimeControl "180+2"]
[Date "2023.06.27"]
[WhiteClock "0:00:00"]
[BlackClock "0:00:21"]
[Board "103"]

1. d4 Nf6 2. Bg5 c5 3. d5 Qb6 4. Nc3 Qxb2 5. Bd2 Qb6 6. Rb1 Qc7 7. e4 e5 8. f4 d6 9. fxe5 dxe5 10. Nf3 Bg4 11. Nb5 Qc8 12. d6 Na6 13. Bg5 Nxe4 14. Qd5 Bxf3 15. Bc4 Nxg5 16. Qxe5+ Ne6 17. gxf3 Qc6 18. Kf2 O-O-O 19. Nxa7+ Kd7 20. Nxc6 Bxd6 21. Rhd1 Kxc6 22. Rxd6+ Rxd6 23. Bxa6 bxa6 24. Qe4+ Kd7 25. Rb7+ Nc7 26. Qf5+ Kc6 27. Qe4+ Kd7 28. Ra7 g6 29. Qg4+ f5 30. Qa4+ Rc6 31. Rb7 Re8 32. c4 Re6 33. Rb6 Rd6 34. Kg3 Ne6 35. Rxa6 Nd4 36. Rxc6 Rxc6 37. Qa7+ Ke6 38. Qxh7 f4+ 39. Kg4 Kf6 40. Qh8+ Kf7 41. Qe5 Ne6 42. Qd5 Ra6 43. Qd2 Ra3 44. h4 Re3 45. Qd7+ Kf6 46. Qd6 Ra3 47. h5 gxh5+ 48. Kxh5 Rxa2 49. Qd5 Rh2+ 50. Kg4 Rg2+ 51. Kh3 Rg5 52. Qd6 Rg3+ 53. Kh2 Rxf3 54. Qd5 Re3 55. Kg2 Re5 56. Qd7 Kf5 57. Kf2 Re4 58. Qf7+ Ke5 59. Qd7 Rxc4 60. Qe8 Rc2+ 61. Ke1 Rc4 62. Ke2 Re4+ 63. Kd3 c4+ 64. Kc3 f3 65. Qh8+ Kd5 66. Qa8+ Ke5 67. Qh8+ Kf4 68. Qf6+ Ke3 69. Qh6+ Ke2 0-1


[Site "https://www.chess.com"]

[Event "Titled Tuesday Blitz June 27 Late 2023"]
[White "Womacka, Mathias"]
[Black "Castella Garcia, Fausto"]
[WhiteFideId "4611390"]
[BlackFideId "3501922"]
[WhiteElo "2501"]
[BlackElo "2363"]
[Result "1/2-1/2"]
[Round "6"]
[TimeControl "180+2"]
[Date "2023.06.27"]
[WhiteClock "0:00:07"]
[BlackClock "0:00:06"]
[Board "104"]

1. e4 c5 2. Nf3 d6 3. d4 cxd4 4. Nxd4 Nf6 5. Nc3 g6 6. Be3 Bg7 7. f3 O-O 8. Qd2 Nc6 9. O-O-O d5 10. exd5 Nxd5 11. Nxc6 bxc6 12. Bd4 Bxd4 13. Qxd4 Qb6 14. Na4 Qa5 15. b3 Bf5 16. g4 Bxc2 17. Kxc2 Nb4+ 18. Kc1 Nxa2+ 19. Kb2 Rad8 20. Kxa2 Rxd4 21. Rxd4 Qe1 22. Nb2 Rb8 23. h4 Kg7 24. h5 e5 25. Rd7 Qf2 26. Bc4 Rf8 27. Rf1 Qb6 28. hxg6 hxg6 29. Na4 Qe3 30. Kb2 a5 31. Nc3 g5 32. Rfd1 Kg6 33. Bd3+ Kg7 34. Be4 a4 35. Nxa4 Rb8 36. Nc3 Qb6 37. Bc2 Ra8 38. Ne4 Qa5 39. Nxg5 Qa3+ 40. Kc3 Qc5+ 41. Kb2 Qa3+ 42. Kc3 Qc5+ 43. Kb2 Qa3+ 1/2-1/2


[Site "https://www.chess.com"]

[Event "Titled Tuesday Blitz June 27 Late 2023"]
[White "Mattheii"]
[Black "Glavina, Pablo"]
[BlackFideId "100234"]
[WhiteElo "2494"]
[BlackElo "2357"]
[Result "1-0"]
[Round "6"]
[TimeControl "180+2"]
[Date "2023.06.27"]
[WhiteClock "0:00:09"]
[BlackClock "0:00:12"]
[Board "105"]

1. d4 Nf6 2. c4 e6 3. Nc3 Bb4 4. Nf3 O-O 5. Bg5 h6 6. Bh4 c5 7. Rc1 cxd4 8. Nxd4 d5 9. cxd5 g5 10. Bg3 Nxd5 11. e3 Qa5 12. Qd2 Nc6 13. Bd3 Nxd4 14. exd4 Be7 15. O-O Bf6 16. Be5 Bxe5 17. dxe5 Nf4 18. Rfe1 Rd8 19. Re3 b5 20. b4 Qb6 21. Ne4 Bb7 22. Nd6 Nxg2 23. Rg3 Nh4 24. Rxg5+ Kf8 25. Qf4 Nf3+ 26. Kf1 Nxg5 27. h4 Rxd6 28. exd6 e5 29. Qf6 Ke8 30. Qe7# 1-0


[Site "https://www.chess.com"]

[Event "Titled Tuesday Blitz June 27 Late 2023"]
[White "Uzcategui Rodriguez, Alejandro"]
[Black "Muhammed, Shuaau"]
[WhiteFideId "3903400"]
[BlackFideId "16700406"]
[WhiteElo "2488"]
[BlackElo "2352"]
[Result "0-1"]
[Round "6"]
[TimeControl "180+2"]
[Date "2023.06.27"]
[WhiteClock "0:00:13"]
[BlackClock "0:00:49"]
[Board "106"]

1. d4 Nf6 2. Nf3 d5 3. Bg5 e6 4. e3 Be7 5. Nbd2 h6 6. Bh4 Nbd7 7. Bd3 O-O 8. Qe2 c5 9. c3 a6 10. Ne5 Nxe5 11. dxe5 Nd7 12. Bxe7 Qxe7 13. f4 f6 14. Qh5 fxe5 15. fxe5 Qg5 16. Qxg5 hxg5 17. O-O-O Nxe5 18. Bc2 Ng4 19. Rde1 e5 20. e4 d4 21. Nc4 Be6 22. Nb6 Rad8 23. Nd5 Bxd5 24. exd5 c4 25. Be4 Nf2 26. Rhf1 Nxe4 27. Rxf8+ Kxf8 28. Rxe4 Rxd5 29. Rg4 d3 30. Rxc4 Kf7 31. Rc7+ Kf6 32. Kd2 e4 33. c4 Rf5 34. Ke3 Rf1 35. Rd7 Re1+ 36. Kf2 Re2+ 37. Kg3 Rxb2 38. a4 Ke5 39. h4 gxh4+ 40. Kxh4 Rxg2 41. c5 d2 42. a5 e3 43. Re7+ Kd4 44. Rd7+ Kxc5 45. Rc7+ Kb4 46. Rxb7+ Kxa5 47. Rb2 Rg1 48. Ra2+ Kb4 49. Rb2+ Kc3 50. Rb8 d1=Q 51. Rc8+ Kd2 52. Rd8+ Ke2 53. Rf8 Qe1+ 54. Kh5 Qa5+ 55. Kh4 Qg5+ 56. Kh3 Qh5# 0-1


[Site "https://www.chess.com"]

[Event "Titled Tuesday Blitz June 27 Late 2023"]
[White "Perez Torres, Nabi Isaias"]
[Black "Toniutti, Ezio"]
[WhiteFideId "5120373"]
[BlackFideId "113034"]
[WhiteElo "2336"]
[BlackElo "2484"]
[Result "1/2-1/2"]
[Round "6"]
[TimeControl "180+2"]
[Date "2023.06.27"]
[WhiteClock "0:00:17"]
[BlackClock "0:00:29"]
[Board "107"]

1. d4 d5 2. c4 c6 3. Nc3 Nf6 4. e3 a6 5. Nf3 Bf5 6. cxd5 cxd5 7. Qb3 b5 8. Ne5 e6 9. Be2 h6 10. O-O Nbd7 11. f4 Bd6 12. Bd2 O-O 13. Rfc1 Rc8 14. Be1 Nb6 15. a4 b4 16. a5 Nc4 17. Nd1 Nxa5 18. Rxc8 Nxb3 19. Rxd8 Rxd8 20. Rxa6 Ne4 21. g4 Bh7 22. Nc6 Rc8 23. Nf2 Nxf2 24. Kxf2 Be4 25. Bxb4 Bxb4 26. Nxb4 Bg6 27. Nc6 Kh7 28. Rb6 Nd2 29. b4 Ra8 30. Ne5 Ra2 31. Nxg6 Ne4+ 32. Kf1 Kxg6 33. f5+ Kf6 34. fxe6 fxe6 35. b5 Rb2 36. Rb8 Rb1+ 37. Kg2 Rb2 38. Kf3 Nd2+ 39. Kf2 Ne4+ 40. Kf3 Ng5+ 41. Kf2 Ne4+ 42. Kf3 1/2-1/2


[Site "https://www.chess.com"]

[Event "Titled Tuesday Blitz June 27 Late 2023"]
[White "Fajdetic, Hrvoje"]
[Black "Zavortink, Matt"]
[WhiteFideId "14501945"]
[BlackFideId "2034263"]
[WhiteElo "2329"]
[BlackElo "2480"]
[Result "1-0"]
[Round "6"]
[TimeControl "180+2"]
[Date "2023.06.27"]
[WhiteClock "0:00:36"]
[BlackClock "0:00:00"]
[Board "108"]

1. b3 d5 2. Bb2 Nf6 3. f4 Bf5 4. Nf3 e6 5. e3 Bd6 6. Be2 O-O 7. O-O c5 8. d3 Nc6 9. Qe1 h6 10. Qg3 Bh7 11. Nbd2 d4 12. Ne5 Bxe5 13. fxe5 Nd5 14. exd4 Nxd4 15. Bd1 Nf5 16. Qf2 Nfe3 17. Re1 Nxd1 18. Raxd1 Qc7 19. a3 Rac8 20. c4 Ne7 21. Ne4 Bxe4 22. Rxe4 Rcd8 23. d4 cxd4 24. Rexd4 Nc6 25. Rd6 a6 26. Qc5 Qb8 27. b4 Rc8 28. Qb6 Ne7 29. c5 Nf5 30. Rd7 a5 31. Rxb7 1-0


[Site "https://www.chess.com"]